 Dungeon Crawl Stone Soup version 0.29-a0-398-ge13fd1374b (webtiles) character file.

Game seed: 11951885370459807558

1065 YayAnonymity the Cleaver (level 8, -4/64 HPs)
             Began as a Hill Orc Fighter on May 13, 2022.
             Succumbed to Blork the orc's poison
             ... on level 5 of the Dungeon.
             The game lasted 00:08:48 (4628 turns).

YayAnonymity the Cleaver (Hill Orc Fighter)         Turns: 4628, Time: 00:08:48

Health: -4/64      AC: 11    Str: 21    XL:     8   Next: 27%
Magic:  8/8        EV:  4    Int:  8    God:
Gold:   234        SH: 15    Dex: 10    Spells: 7/7 levels left

rFire   . . .      SeeInvis .   a - +1 war axe
rCold   . . .      Faith    .   x - +2 tower shield
rNeg    . . .      Spirit   .   o - +1 chain mail
rPois   .          Reflect  .   (no helmet)
rElec   .          Harm     .   (no cloak)
rCorr   +          Rampage  .   (no gloves)
Will    .....                   y - +0 pair of boots
Stlth   ..........              h - amulet of regeneration
HPRegen 1.00/turn               j - ring of resist corrosion
MPRegen 0.11/turn               t - +4 ring of slaying

@: lethally poisoned (-4 -> -22)
A: no striking features
a: no special abilities


You were on level 5 of the Dungeon.
You visited 1 branch of the dungeon, and saw 5 of its levels.
You also visited: Sewer and Ossuary.

You collected 234 gold pieces.

Inventory:

Hand Weapons
 a - a +1 war axe (weapon)
 d - a +4 whip
 g - a +0 morningstar
Missiles
 i - 40 poisoned darts (quivered)
 A - a throwing net
Armour
 o - a +1 chain mail (worn)
 q - the +5 pair of boots "Boig" {rN+}
   (You found it on level 2 of the Dungeon)

   rN:        It protects you from negative energy.
 x - a +2 tower shield (worn)
 y - a +0 pair of boots (worn)
Jewellery
 h - an amulet of regeneration (around neck)
 j - a ring of resist corrosion (left hand)
 t - a +4 ring of slaying (right hand)
Scrolls
 b - a scroll of enchant weapon
 e - 3 scrolls of teleportation
 u - a scroll of enchant armour
 z - a scroll of fog
Potions
 c - 3 potions of heal wounds
 f - 2 potions of lignification
 k - 2 potions of brilliance
 l - 2 potions of attraction
 m - a potion of magic
 n - 2 potions of haste
 p - 3 potions of mutation {unknown}
 r - 2 potions of flight
 s - a potion of resistance {unknown}
 v - a potion of ambrosia {unknown}
 w - a potion of curing {unknown}


   Skills:
 - Level 3.6 Fighting
 + Level 11.3 Axes
 - Level 3.2 Armour
 + Level 5.6 Shields


You had 7 spell levels left.
You didn't know any spells.
Your spell library was empty.

Dungeon Overview and Level Annotations

Branches:
Dungeon (5/15)              Sewer (visited)         Ossuary (visited)
 Temple: D:4-7

Altars:

Shops:
D:4 !


Message History

You now have 234 gold pieces (gained 9).
p - 3 dark potions (gained 1) Blork the orc comes into view.
He is wielding a +1 glaive of venom.
Blork the orc shouts!
Blork the orc casts a spell.
Blork the orc seems to speed up.
Blork the orc hits you with a +1 glaive of venom!
You are poisoned.
Blork the orc barely misses you.
You hit Blork the orc.
Blork the orc is lightly wounded.
You feel very sick. You block Blork the orc's attack.
You slash Blork the orc!
Blork the orc is moderately wounded.
You feel very sick. You block Blork the orc's attack. x2
You slash Blork the orc!
Blork the orc is heavily wounded.
You feel sick.
Blork the orc hits you with a +1 glaive of venom.
You are more poisoned.
Blork the orc hits you with a +1 glaive of venom!
You are more poisoned.
You closely miss Blork the orc.
Blork the orc is heavily wounded.
You feel extremely sick.
Blork the orc hits you with a +1 glaive of venom.
You are lethally poisoned!
You block Blork the orc's attack.
You hit Blork the orc.
Blork the orc is severely wounded.
* * * LOW HITPOINT WARNING * * *
You feel extremely sick.
Blork the orc hits you with a +1 glaive of venom!
* * * LOW HITPOINT WARNING * * *
Blork the orc casts a cantrip, but nothing happens.
You slash Blork the orc!
You kill Blork the orc!
You die...

......).........[.#
###8##...##8###8###
# ##...#### ###
#8...8# ##...##
#...# ##...## #
#8...8# #.#
##..@##..o#
#...)..# ########


There were no monsters in sight!

Vanquished Creatures
  Grinder (Sewer)
  An elf zombie (Ossuary)
  Blork the orc (D:5)
  2 kobold brigands (Sewer)
  A bullfrog (D:5)
  A jelly (D:4)
  2 centaur zombies (Ossuary)
  A quasit (Sewer)
  An orc priest (D:4)
  2 human zombies (Ossuary)
  Jessica (D:3)
  An iguana (D:4)
  Natasha (thrice) (D:2)
  2 mummies (Ossuary)
  3 adders
  6 shadow imps
  An ufetubus (Sewer)
  An adder zombie (Ossuary)
  2 worms
  5 orcs (D:4)
  5 bats
  3 endoplasms
  20 giant cockroaches
  6 goblins
  3 hobgoblins
  4 jackals
  4 quokkas
  11 ball pythons
  3 frilled lizards
  A giant cockroach zombie (Sewer)
  2 goblin zombies (Ossuary)
  6 hobgoblin zombies (Ossuary)
  2 jackal zombies (Ossuary)
  24 kobolds
  9 kobold zombies
  11 orc zombies (Ossuary)
  4 rats
  2 rat zombies (Ossuary)
158 creatures vanquished.

Vanquished Creatures (others)
  An endoplasm (Sewer)
1 creature vanquished.

Grand Total: 159 creatures vanquished

Notes
Turn   | Place    | Note
-------+----------+-------------------------------------------
     0 | D:1      | YayAnonymity the Hill Orc Fighter began the quest for the
                  | Orb.
     0 | D:1      | Reached XP level 1. HP: 19/19 MP: 1/1
   129 | D:1      | Reached skill level 3 in Axes
   289 | D:1      | Reached XP level 2. HP: 26/26 MP: 2/2
   411 | D:1      | Found a faded altar of an unknown god.
  1026 | D:2      | Reached XP level 3. HP: 31/31 MP: 3/3
  1033 | D:2      | Reached skill level 4 in Axes
  1172 | D:2      | Identified the +5 pair of boots "Boig" {rN+}
  1199 | D:2      | Noticed Natasha
  1208 | D:2      | Killed Natasha
  1209 | D:2      | Reached skill level 5 in Axes
  1209 | D:2      | Reached XP level 4. HP: 34/39 MP: 4/4
  1434 | D:2      | Noticed Natasha
  1445 | D:2      | Killed Natasha
  1618 | D:2      | Noticed Natasha
  1630 | D:2      | Killed Natasha
  1631 | D:2      | Reached skill level 6 in Axes
  1631 | D:2      | Reached XP level 5. HP: 40/45 MP: 5/5
  2058 | D:3      | Noticed Jessica
  2089 | D:3      | Killed Jessica
  2120 | D:3      | Found a glowing drain.
  2145 | Sewer    | Entered a sewer
  2163 | Sewer    | Reached skill level 7 in Axes
  2281 | Sewer    | Found a burning altar of Makhleb.
  2281 | Sewer    | Noticed a kobold brigand
  2292 | Sewer    | Killed a kobold brigand
  2293 | Sewer    | Reached skill level 8 in Axes
  2293 | Sewer    | Reached XP level 6. HP: 43/51 MP: 6/6
  2355 | Sewer    | Reached skill level 9 in Axes
  2375 | Sewer    | Noticed Grinder
  2407 | Sewer    | Paralysed by Grinder for 5 turns
  2415 | Sewer    | Killed Grinder
  2416 | Sewer    | Reached skill level 10 in Axes
  2416 | Sewer    | Reached XP level 7. HP: 57/57 MP: 7/7
  3487 | D:4      | Found a sand-covered staircase.
  3677 | Ossuary  | Entered an ossuary
  3888 | Ossuary  | Reached skill level 5 in Shields
  3888 | Ossuary  | Reached XP level 8. HP: 64/64 MP: 8/8
  3905 | Ossuary  | Reached skill level 11 in Axes
  4202 | D:4      | Found Turafuol's Distillery.
  4461 | D:5      | Entered Level 5 of the Dungeon
  4618 | D:5      | Noticed Blork the orc
  4627 | D:5      | HP: 3/64 [Blork the orc/+1 glaive of venom (15)]
  4628 | D:5      | Killed Blork the orc
  4628 | D:5      | Succumbed to Blork the orc's poison

Illustrated notes

Levels and vault maps discovered:
D:1:      lightli_arrival_maybe_door_vault, layout_rooms,
          nicolae_ecumenical_snake_handling
D:2:      minmay_roachtagon, layout_basic, uniq_natasha
D:3:      layout_loops_corners, gup_sewer_entry_pipe, serial_rivers,
          chequers_serial_rivers_small_b, chequers_serial_rivers_micro_c,
          chequers_serial_rivers_micro_a, chequers_serial_rivers_room_a,
          chequers_serial_rivers_micro_d, chequers_serial_rivers_marsh,
          minmay_strange_pillars, bh_walls_and_bars, uniq_jessica
D:4:      layout_loops_corners, serial_shops, nicolae_lakefront_shop,
          lightli_ossuary_entry_decrepit_ruins
D:5:      layout_basic, serial_corexii_hall, corexii_hall_statues_l,
          corexii_hall_statues_s, corexii_hall_statues_t,
          minmay_misc_feat_pillars, uniq_blork_the_orc, uniq_ijyb, uniq_grinder

Skill      XL: |  1  2  3  4  5  6  7  8 |
---------------+-------------------------+-----
Axes           | 3 5 6 8 10 11 | 11.3
Shields        | 4 5 |  5.6
Fighting       | |  3.6
Armour         | |  3.2

Action                   |  1- 3 |  4- 6 |  7- 9 || total
-------------------------+-------+-------+-------++-------
Melee: War axe           |   104 |   182 |   142 ||   428
  Use: Scroll            |       |    10 |     6 ||    16
       Potion            |       |     1 |     1 ||     2
Armor: Scale mail        |    47 |       |       ||    47
       Chain mail        |     9 |   113 |    54 ||   176
Dodge: Dodged            |    39 |    65 |    18 ||   122
Block: Buckler           |    27 |    43 |     1 ||    71
       Tower shield      |       |       |    71 ||    71

Table legend: (Time is in decaauts)
 A = Elapsed time spent in this place.
 B = Non-inter-level travel time spent in this place.
 C = Inter-level travel time spent in this place.
 D = Time resting spent in this place.
 E = Time spent auto-exploring this place.
 F = Levels seen in this place.
 G = Mean time per level.
                   A        B        C        D        E       F      G
               +--------+--------+--------+--------+--------+-----+--------+
         Total |   4753 |   4675 |     78 |      2 |   3130 |   7 |  679.0 |
       Dungeon |   4067 |   3989 |     78 |      2 |   2971 |   5 |  813.4 |
         Sewer |    424 |    424 |      0 |      0 |    137 |   1 |  424.0 |
       Ossuary |    261 |    261 |      0 |      0 |     21 |   1 |  261.0 |
               +--------+--------+--------+--------+--------+-----+--------+

Top non-repeatable levels by time:
     D:3: 1203 daAuts
     D:2: 969 daAuts
     D:1: 908 daAuts
     D:4: 813 daAuts
   Sewer: 424 daAuts
 Ossuary: 261 daAuts
     D:5: 173 daAuts
